 Dungeon Crawl Stone Soup version 0.26-b1-32-g5d43845318 (webtiles) character file.

Game seed: 9393486856749487612

30 roguesci the Skirmisher (level 3, -1/31 HPs)
             Began as a Ghoul Monk on Jan 9, 2021.
             Slain by an adder (3 damage)
             ... on level 1 of the Dungeon.
             The game lasted 00:02:31 (903 turns).

roguesci the Skirmisher (Ghoul Monk)                 Turns: 903, Time: 00:02:32

Health: -1/31      AC:  3    Str: 15    XL:     3   Next: 20%
Magic:  3/3        EV: 13    Int:  5    God:
Gold:   25         SH:  0    Dex: 11    Spells: 2/2 levels left

rFire    . . .     SeeInvis .     - Unarmed
rCold    + . .     Faith    .   (no shield)
rNeg     + + +     Spirit   .   a - +0 robe
rPois    ∞         Reflect  .   (no helmet)
rElec    .         Harm     .   (no cloak)
rCorr    .         Rampage  .   f - +0 pair of gloves
Will     .....                  (no boots)
Stlth    ++........             d - amulet of magic regeneration
HPRegen  0.00/turn              (no ring)
MPRegen  0.33/turn              (no ring)

@: hasted, very quick
A: claws 1, cold resistance 1, negative energy resistance 3, inhibited
regeneration, torment resistance, unbreathing
a: no special abilities


You were on level 1 of the Dungeon.
You visited 1 branch of the dungeon, and saw 2 of its levels.

You collected 25 gold pieces.

Inventory:

Armour
 a - a +0 robe (worn)
 f - a +0 pair of gloves (worn)
Jewellery
 d - an amulet of magic regeneration (around neck)
Scrolls
 b - 2 scrolls of random uselessness {unknown}
 c - 5 scrolls of identify {unknown}
 e - a scroll of teleportation {unknown}
Potions
 g - a potion of haste
 h - a potion of flight {unknown}
 i - a potion of heal wounds {unknown}
 j - a potion of curing {unknown}


   Skills:
 * Level 3.6 Fighting
 + Level 0.3 Armour
 * Level 3.1 Dodging
 - Level 2.1 Stealth
 + Level 3.4 Unarmed Combat
 * Level 1.4 Invocations


You had 2 spell levels left.
You didn't know any spells.
Your spell library was empty.

Dungeon Overview and Level Annotations

Branches:
Dungeon (2/15)

Altars:

Annotations:
D:2 Terence


Innate Abilities, Weirdness & Mutations

You thrive by killing the living.
You are immune to poison.
You have sharp fingernails.
Your flesh is cold resistant. (rC+)
You are immune to negative energy. (rN+++)
You do not regenerate when monsters are visible.
You are immune to unholy pain and torment.
You can survive without breathing.


Message History

You climb downwards.
Level annotation: Terence The bat closely misses you.
The adder bites you. The hobgoblin barely misses you. The ufetubus hits you. x2
The adder closely misses you. The kobold misses you.
Terence hits you from afar with a +0 trident.
The bat hits you but does no damage. The hobgoblin hits you with a +0 club.
The ufetubus hits you. The ufetubus barely misses you.
There is a stone staircase leading up here.
The adder bites you but does no damage. The kobold closely misses you.
The ufetubus closely misses you. x2; Terence barely misses you.
The hobgoblin hits you with a +0 club. The adder misses you.
You climb upwards.
There is a stone staircase leading down here.
It was a potion of haste.
You feel yourself speed up. The ufetubus hits you.
* * * LOW HITPOINT WARNING * * *
The ufetubus hits you.
* * * LOW HITPOINT WARNING * * *
The kobold closely misses you. The adder bites you.
You die...

###########)#..#.#.......#
...............#.###+#####
###########.#....# #.#
#.#.#..# #.# #.#.#..# #.#
#.#)#..# #.# #.#.#..# #.#
#.#.#KS###.############
#....g@5.........[.†...
######################. #.
#. #. ## # ## #8


You could see an adder, an ufetubus, a hobgoblin and a kobold.

Vanquished Creatures
  A leopard gecko (D:1)
  A ball python (D:1)
  5 bats (D:1)
  2 giant cockroaches (D:1)
  4 goblins (D:1)
  4 hobgoblins (D:1)
  5 kobolds (D:1)
  4 rats (D:1)
26 creatures vanquished.

Notes
Turn   | Place    | Note
-------+----------+-------------------------------------------
     0 | D:1      | roguesci the Ghoul Monk began the quest for the Orb.
     0 | D:1      | Reached XP level 1. HP: 19/19 MP: 0/0
   120 | D:1      | Reached XP level 2. HP: 20/26 MP: 1/1
   374 | D:1      | Reached skill level 1 in Invocations
   706 | D:1      | Reached XP level 3. HP: 31/31 MP: 2/2
   884 | D:2      | Noticed Terence
   903 | D:1      | Slain by an adder

Illustrated notes

Levels and vault maps discovered:
D:1:      saegor_arrival_simple_c, layout_basic, minmay_pentomino_z4
D:2:      layout_loops_cross, old_standard_altar, overflow_temple_1_default,
          trog_book, uniq_terence

Skill      XL: |  1  2 |
---------------+-------+-----
Invocations    | 1 |  1.4
Dodging        | 3 |  3.1
Fighting       | |  3.6
Armour         | |  0.3
Stealth        | |  2.1
Unarmed Combat | |  3.4

Action                   || total
-------------------------++-------
Melee: Unarmed           ||    87
       Punch             ||     1
  Use: Potion            ||     1
 Stab: Sleeping          ||     7
Armor: Robe              ||    18
Dodge: Dodged            ||    64
